 Dungeon Crawl Stone Soup version 0.20-a0-899-g09a9bfb (webtiles) character file.

3719 4thArraOfDagon the Carver (level 9, -10/69 HPs)
             Began as a Vampire Gladiator on Mar 18, 2017.
             Was a Priest of Qazlal.
             Mangled by a sixfirhy (12 damage)
             ... summoned by a kobold demonologist
             ... in a bailey.
             The game lasted 00:16:19 (4809 turns).

4thArraOfDagon the Carver (Vampire Gladiator)       Turns: 4809, Time: 00:16:21

Health: -10/69     AC:  8    Str: 13    XL:     9   Next: 92%
Magic:  0/12       EV: 14    Int: 14    God:    Qazlal [***...]
Gold:   434        SH:  4    Dex: 15    Spells: 8/8 levels left

rFire    . . .     SeeInvis +   N - +5 long sword (freeze)
rCold    . . .     Gourm    .   m - +0 ring mail
rNeg     . . .     Faith    .   (no shield)
rPois    .         Spirit   +   c - +0 helmet
rElec    .         Reflect  .   (no cloak)
rCorr    .         Harm     .   i - +0 pair of gloves
MR       .....     Rnd*Rage +   (no boots)
Stlth    +.........             G - amulet of guardian spirit
Regen    0.5/turn               E - ring of flight
MPRegen  0.2/turn               f - ring of wizardry

@: about to teleport, regenerating quickly
A: fangs 3, see invisible, berserk 1, wild magic 1, unbreathing
a: Upheaval, Elemental Force, Renounce Religion, Evoke Flight


You were in a bailey.
You worshipped Qazlal.
Qazlal was most pleased with you.
You were almost alive.

You visited 1 branch of the dungeon, and saw 10 of its levels.
You also visited: Bailey.

You collected 434 gold pieces.

Inventory:

Hand Weapons
 a - a +0 long sword
 k - a +0 flail of crushing
 I - the +3 whip of Akeuc {freeze, rC+ Str+2}
   (You found it on level 7 of the Dungeon)

   It has been specially enchanted to freeze those struck by it, causing extra
   injury to most foes and up to half again as much damage against particularly
   susceptible opponents.
   It can also slow down cold-blooded creatures.
   It affects your strength (+2).
   It protects you from cold.
 N - a +5 long sword of freezing (weapon)
Missiles
 d - 3 throwing nets (quivered)
 o - 6 curare-tipped needles
Armour
 b - a +0 leather armour
 c - a +0 helmet (worn)
 h - a cursed +0 leather armour
 i - a +0 pair of gloves (worn)
 m - a +0 ring mail (worn)
 t - a +2 shield of poison resistance
 F - a +0 chain mail
Jewellery
 f - a ring of wizardry (left hand)
 E - a ring of flight (right hand)
 G - an amulet of guardian spirit (around neck)
Wands
 u - a wand of paralysis (0/24)
 J - a wand of paralysis (15/24)
 K - a wand of polymorph (5/24)
 L - a wand of lightning (2/15)
Scrolls
 l - 6 scrolls of teleportation
 q - 4 scrolls of remove curse
 x - 2 scrolls of magic mapping
 y - a scroll of blinking {unknown}
 B - 3 scrolls of vulnerability {unknown}
 D - a scroll of fear {unknown}
 M - a scroll of immolation {unknown}
Potions
 e - 11 potions of blood
 g - a potion of magic
 j - 2 potions of degeneration {unknown}
 n - a potion of might {unknown}
 p - 2 potions of flight {unknown}
 r - 3 potions of haste
 s - a potion of berserk rage
 v - 6 potions of heal wounds
 w - a potion of ambrosia
 z - a potion of agility
 A - a potion of lignification
 C - 3 potions of curing
 H - a potion of resistance


   Skills:
 + Level 5.8 Fighting
 * Level 9.1 Long Blades
 - Level 1.5 Throwing
 + Level 4.2 Armour
 + Level 7.1 Dodging
 + Level 5.1 Invocations


You had 8 spell levels left.
You didn't know any spells.

Dungeon Overview and Level Annotations

Branches:
Dungeon (10/15)            Temple (0/1) D:7             Orc (0/2) D:10
   Lair: D:8-11

Altars:
Dithmenos
Fedhas
Hepliaklqana
Kikubaaqudgha
Makhleb
Nemelex Xobeh
Qazlal
Ru
Sif Muna
Trog
Uskayaw
Yredelemnul

Annotations:
D:9 Duffy's ghost, novice FoFi


Innate Abilities, Weirdness & Mutations

Your natural rate of healing is unusually fast.
You have razor-sharp teeth.
You have supernaturally acute eyesight. (SInv)
You can survive without breathing.
You tend to lose your temper in combat.
Your spells are a little harder to cast, but a little more powerful.


Message History

Unknown command.
You slash the orc high priest! You freeze the orc high priest.
You kill the orc high priest!
Qazlal accepts your kill.
The orange demon disappears in a puff of smoke!
Your Long Blades skill increases to level 9!
Your Armour skill increases to level 4!
Your Dodging skill increases to level 7!
Your Invocations skill increases to level 5!
The soul eater hits you! The sixfirhy hits you. The sixfirhy shocks you!
The kobold demonologist mumbles some strange words.
An orc comes into view. It is wielding a hand axe.
Unknown command.
As you read the scroll of teleportation, it crumbles to dust.
You feel strangely unstable. The sixfirhy hits you. The sixfirhy shocks you!
* * * LOW HITPOINT WARNING * * *
The sixfirhy hits you!
* * * LOW HITPOINT WARNING * * *
The sixfirhy shocks you!
You die...

≈≈≈≈≈≈≈≈≈...≈≈≈≈≈≈≈≈≈≈
#####≈≈≈≈...≈≈≈≈######
#...........#
#####'''#####
+.....'..# +.....'..#
#..⌠..#..####
#.....#.§§..#
#.....#..@8.#
#######.§33.# ###§8g#


Kgg.# .o8.# ..gg.+ ..#'## ### go You could see a soul eater, a kobold
demonologist, a sixfirhy, 2 orcs, 2 hobgoblins and 4 goblins.

Vanquished Creatures
  A two-headed ogre (D:8)
  An orc high priest (Bailey)
  An ice beast (D:7)
  A swamp drake (Bailey)
  2 sky beasts (D:7)
  A phantom (D:9)
  4 ogres
  2 centaurs
  A big kobold (D:8)
  5 bullfrogs
  A gnoll sergeant (D:6)
  3 scorpions
  5 wights (D:8)
  2 orc priests (D:9)
  2 jellies
  A gnoll shaman (D:5)
  A hound (D:5)
  2 iguanas (D:4)
  6 worker ants
  2 hound skeletons (D:4)
  11 adders
  13 gnolls
  A shadow imp (D:6)
  An ooze (D:2)
  An adder skeleton (D:6)
  A worm (D:4)
  A dart slug (D:1)
  3 leopard geckos
  17 orcs
  3 giant cockroaches
  17 goblins
  18 hobgoblins
  4 quokkas
  A ball python skeleton (D:4)
  5 bats
  4 frilled lizards
  3 kobolds (D:2)
  A quokka skeleton (D:7)
  7 rats
156 creatures vanquished.

Notes
Turn   | Place    | Note
-------+----------+-------------------------------------------
     0 | D:1      | 4thArraOfDagon the Vampire Gladiator began the quest for the Orb.
     0 | D:1      | Reached XP level 1. HP: 16/16 MP: 1/1
   166 | D:3      | Reached XP level 2. HP: 20/22 MP: 2/2
   301 | D:4      | Reached XP level 3. HP: 21/27 MP: 3/3
   306 | D:5      | Entered Level 5 of the Dungeon
   394 | D:5      | Noticed an air elemental
   396 | D:5      | Found a stormy altar of Qazlal.
   398 | D:5      | Noticed a fire elemental
   398 | D:5      | Noticed an earth elemental
   398 | D:5      | Noticed a water elemental
   403 | D:5      | Became a worshipper of Qazlal Stormbringer
   517 | D:4      | Reached skill level 4 in Long Blades
   526 | D:4      | Found a sparkling altar of Nemelex Xobeh.
   572 | D:4      | Reached XP level 4. HP: 18/34 MP: 4/4
  1134 | D:2      | Reached * piety under Qazlal
  1247 | D:2      | Reached skill level 1 in Invocations
  1261 | D:2      | Reached XP level 5. HP: 39/39 MP: 5/5
  1940 | D:4      | Found a burning altar of Makhleb.
  1940 | D:4      | Noticed a balrug
  1956 | D:4      | Reached ** piety under Qazlal
  1995 | D:4      | Found a deep blue altar of Sif Muna.
  2189 | D:5      | Found a shadowy altar of Dithmenos.
  2189 | D:5      | Found a hide-covered altar of Uskayaw.
  2190 | D:5      | Found a hazy altar of Hepliaklqana.
  2511 | D:5      | Reached XP level 6. HP: 47/47 MP: 7/7
  2995 | D:6      | Reached skill level 1 in Armour
  3032 | D:5      | Reached skill level 5 in Long Blades
  3160 | D:5      | Reached XP level 7. HP: 32/52 MP: 8/8
  3180 | D:6      | Reached skill level 5 in Dodging
  3245 | D:6      | Noticed a cyclops
  3372 | D:6      | Reached skill level 6 in Long Blades
  3375 | D:6      | Reached *** piety under Qazlal
  3486 | D:7      | Reached XP level 8. HP: 44/60 MP: 10/10
  3518 | D:7      | Found a bloodstained altar of Trog.
  3542 | D:7      | Found a staircase to the Ecumenical Temple.
  3579 | D:7      | Got an ancient whip
  3583 | D:7      | Identified the +3 whip of Akeuc {freeze, rC+ Str+2} (You found it on level 7 of the Dungeon)
  3973 | D:8      | Reached skill level 7 in Long Blades
  4113 | D:9      | Noticed Duffy's ghost (novice FoFi)
  4220 | D:8      | Noticed a two-headed ogre
  4234 | D:8      | Killed a two-headed ogre
  4234 | D:8      | Reached skill level 5 in Fighting
  4234 | D:8      | Reached XP level 9. HP: 62/68 MP: 10/12
  4236 | D:8      | Found a blossoming altar of Fedhas.
  4298 | D:8      | Found an ancient bone altar of Kikubaaqudgha.
  4341 | D:8      | Reached skill level 8 in Long Blades
  4431 | D:9      | Found a basalt altar of Yredelemnul.
  4525 | D:8      | Found a sacrificial altar of Ru.
  4529 | D:8      | Gained mutation: You tend to lose your temper in combat. [potion of mutation]
  4529 | D:8      | Gained mutation: Your spells are a little harder to cast, but a little more powerful. [potion of mutation]
  4605 | D:10     | Entered Level 10 of the Dungeon
  4703 | D:10     | Reached **** piety under Qazlal
  4724 | D:10     | Found a flagged portal.
  4729 | Bailey   | Entered a bailey
  4801 | Bailey   | Noticed an orc high priest
  4802 | Bailey   | Noticed an orange demon
  4804 | Bailey   | Noticed a kobold demonologist
  4805 | Bailey   | Noticed a soul eater
  4806 | Bailey   | Noticed a sixfirhy
  4808 | Bailey   | Killed an orc high priest
  4808 | Bailey   | Reached skill level 9 in Long Blades
  4808 | Bailey   | Reached skill level 5 in Invocations
  4809 | Bailey   | HP: 2/69 [sixfirhy[a kobold demonologist] (10)]
  4809 | Bailey   | Mangled by a sixfirhy

Vault maps used:
D:1:      dpeg_arrival_court, serial_bayou_lagoon_a
D:3:      first_bread
D:4:      cheibrodos_greedy_goblins, led_sif_pool,
          nemelex_xobeh_ov_fountains_minmay, makhleb_altar_promises_db
D:5:      gammafunk_temple_overflow_claw, nicolae_qazlal_style_of_elements
D:7:      old_standard_altar, minmay_temple_entry_junction_2, grunt_ogre_cave,
          lemuel_another_geyser
D:8:      nicolae_ru_sacrificial_ziggurat, lemuel_coloured_pillars_altar,
          basic_altar
D:9:      overflow_temple_1_default, okawaru_metal_pillars_1_2,
          lemuel_round_altar, lair_entry_dummy, nemelex_diamond_rough_becter
D:10:     orc_0_dummy, enter_bailey_3, fountainhead
Bailey:   bailey_axe_of_yendor_kennysheep, bailey

Skill      XL: |  1  2  3  4  5  6  7  8  9 |
---------------+----------------------------+-----
Fighting       | 2 3 4 5 |  5.8
Long Blades    | 4 5 6 7 9 |  9.1
Dodging        | 4 5 6 7 |  7.1
Invocations    | 1 2 4 5 |  5.1
Armour         | 1 2 3 4 |  4.2
Throwing       | |  1.5

Action                   |  1- 3 |  4- 6 |  7- 9 || total
-------------------------+-------+-------+-------++-------
Melee: Long sword        |    64 |   210 |   253 ||   527
       Bite              |    12 |    22 |    33 ||    67
Throw: Throwing net      |       |       |     1 ||     1
Invok: Upheaval          |       |       |     3 ||     3
Evoke: Wand              |       |     4 |     4 ||     8
  Use: Scroll            |     2 |     1 |    14 ||    17
       Potion            |       |     2 |     5 ||     7
 Stab: Paralysed         |       |     5 |    12 ||    17
       Held in net/web   |       |       |     1 ||     1
  Eat: Corpse            |     6 |    14 |     6 ||    26
Armor: Leather armour    |     6 |       |       ||     6
       Ring mail         |    16 |    74 |    45 ||   135
Dodge: Dodged            |    47 |   144 |   141 ||   332
Block: Other             |       |    13 |    36 ||    49
       Rpst.: Long sword |    14 |    42 |    45 ||   101
